 Dungeon Crawl Stone Soup version 0.16-a0-3834-g51c8674 (console) character file.

25 carlseen the Stinger (level 2, -2/13 HPs)
             Began as a Spriggan Venom Mage on Jan 29, 2015.
             Slain by a gnoll
             ... wielding a +0 spear
              (4 damage)
             ... on level 2 of the Dungeon.
             The game lasted 00:20:13 (1920 turns).

carlseen the Stinger (Spriggan Venom Mage)          Turns: 1920, Time: 00:20:13

Health: -2/13      AC:  2    Str:  4    XL:     2   Next: 86%
Magic:  6/8        EV: 18    Int: 16    God:
Gold:   6          SH:  0    Dex: 16    Spells: 2 memorised, 4 levels left

rFire  . . .     SeeInvis +     d - +0 hunting sling
rCold  . . .     Clarity  .     a - +0 robe
rNeg   . . .     SustAb   .     (shield restricted)
rPois  .         Gourm    .     (helmet restricted)
rElec  .         Spirit   .     (no cloak)
rCorr  .         Warding  .     (gloves unavailable)
rMut   .         Stasis   .     (boots unavailable)
MR     .....                    (no amulet)
Stlth  +++.......               (no ring)
                                (no ring)

@: very slightly contaminated, very quick, not resistant to hostile
enchantments, fairly stealthy
A: unfitting armour, see invisible, herbivore 3, speed 3, slow metabolism 2
a: no special abilities


You were on level 2 of the Dungeon.
You were not hungry.

You visited 1 branch of the dungeon, and saw 2 of its levels.

You collected 6 gold pieces.

Inventory:

Hand weapons
 d - a +0 hunting sling (weapon)
 h - a +0 short sword
 o - a +0 hand axe
Missiles
 f - 36 stones (quivered)
 i - 20 bolts
Armour
 a - a +0 robe (worn)
 j - a +0 ring mail
Scrolls
 k - a scroll of remove curse
 m - a scroll of random uselessness {unknown}
 n - a scroll of magic mapping {unknown}
 p - a scroll of amnesia {unknown}
Potions
 g - 2 potions of curing
 l - a potion of restore abilities {unknown}
Books
 b - a Young Poisoner's Handbook

   Spells                             Type                      Level
   a - Sting                          Conjuration/Poison           1
   b - Cure Poison                    Poison                       2
   c - Mephitic Cloud                 Conjuration/Poison/Air       3
   d - Olgreb's Toxic Radiance        Poison                       4
   e - Venom Bolt                     Conjuration/Poison           5
Comestibles
 c - a bread ration


   Skills:
 + Level 3.3 Dodging
 + Level 3.0 Stealth
 + Level 3.0 Spellcasting
 + Level 0.3 Conjurations
 + Level 4.5 Poison Magic


You had 4 spell levels left.
You knew the following spells:

 Your Spells              Type           Power        Failure   Level  Hunger
a - Sting                 Conj/Pois      ##..         10%         1    #......
b - Cure Poison           Pois           ###.......   6%          2    ##.....


Dungeon Overview and Level Annotations

Branches:
Dungeon (2/15)

Altars:


Innate Abilities, Weirdness & Mutations

You are tiny and cannot use many weapons and most armour.
You have supernaturally acute eyesight.
You are a herbivore.
You cover ground extremely quickly.
You need consume almost no food.


Message History

Press: ? - help, Shift-Dir - straight line, f - gnoll
Aim: a gnoll, wielding a spear The sting misses the gnoll.
The sting hits the gnoll.
The gnoll is moderately wounded.
Casting: Sting
Confirm with . or Enter, or press ? or * to list all spells.
Aiming: Sting
Press: ? - help, Shift-Dir - straight line, f/p - gnoll
Aim: a gnoll, wielding a spear The sting hits the gnoll.
The gnoll closely misses you. The gnoll misses you.
The gnoll hits you from afar with a spear.
You clumsily bash the gnoll but do no damage.
The gnoll misses you. The gnoll barely misses you.
You clumsily bash the gnoll but do no damage.
The gnoll closely misses you. The gnoll misses you. The gnoll misses you.
The gnoll closely misses you. The gnoll hits you but does no damage.
The gnoll hits you with a club.
* * * LOW HITPOINT WARNING * * *
You clumsily bash the gnoll but do no damage.
The gnoll hits you from afar with a spear.
You die...

##.###########
.....ggg@g.g.#
##.#########g#
#.# #g# #.#
####g####
#.<.gg..#
#.......#
#.......#
.........#
###.......#


You could see 6 gnolls.

Vanquished Creatures
  6 bats (D:1)
  5 goblins (D:1)
  3 hobgoblins (D:1)
  A ball python (D:1)
  A giant newt (D:1)
  5 kobolds (D:1)
  3 rats (D:1)
24 creatures vanquished.

Notes
Turn   | Place    | Note
--------------------------------------------------------------
     0 | D:1      | carlseen, the Spriggan Venom Mage, began the quest for the Orb.
     0 | D:1      | Reached XP level 1. HP: 9/9 MP: 4/4
   545 | D:1      | Reached XP level 2. HP: 13/13 MP: 5/7
  1782 | D:1      | Learned a level 2 spell: Cure Poison
  1920 | D:2      | Slain by a gnoll

Action                   || total
-------------------------++-------
Melee: Unarmed           ||    13
       Hunting sling     ||    24
 Cast: Sting             ||    60
  Use: Potion            ||     1
       Scroll            ||     1
